 Dungeon Crawl Stone Soup version 0.28.0-45-g0d030f2227 (webtiles) character file.

Game seed: 8508641380736206844

203 MisterFreud the Poker (level 5, -4/49 HPs)
             Began as a Naga Fighter on May 19, 2022.
             Killed from afar by a white imp (10 damage)
             ... with a puff of frost
             ... on level 7 of the Dungeon.
             The game lasted 00:02:48 (1521 turns).

MisterFreud the Poker (Naga Fighter)                Turns: 1521, Time: 00:02:49

Health: -4/49      AC:  5    Str: 24    XL:     5   Next: 81%
Magic:  5/5        EV:  7    Int:  8    God:
Gold:   46         SH:  4    Dex: 13    Spells: 4/4 levels left

rFire   . . .      SeeInvis +   a - +0 trident
rCold   . . .      Faith    .   c - +0 buckler
rNeg    . . .      Spirit   .   b - +0 scale mail
rPois   +          Reflect  .   (no helmet)
rElec   .          Harm     .   (no cloak)
rCorr   .          Rampage  .   (no gloves)
Will    .....                   (no barding)
Stlth   ..........              (no amulet)
HPRegen 0.16/turn               g - +6 ring of strength
MPRegen 0.09/turn               (no ring)

@: mighty, short of breath, very slow
A: AC +1, large, see invisible, deformed body, poison resistance, slowness 2,
spit poison 1, naga tail 1
a: Spit Poison


You were on level 7 of the Dungeon.
You visited 1 branch of the dungeon, and saw 5 of its levels.

You collected 46 gold pieces.

Inventory:

Hand Weapons
 a - a +0 trident (weapon)
 h - the +2 hunting sling of Wisatil {speed, +Blink}
   (You found it on level 7 of the Dungeon)

   Attacks with this weapon are significantly faster.
   +Blink:    It lets you blink.
Armour
 b - a +0 scale mail (worn)
 c - a +0 buckler (worn)
Jewellery
 g - a +6 ring of strength (left hand)
Scrolls
 e - a scroll of noise {unknown}
 f - 2 scrolls of enchant armour {unknown}
 i - a scroll of identify {unknown}
 j - a scroll of enchant weapon {unknown}
 l - a scroll of fear {unknown}
Potions
 d - 2 potions of might
 k - a potion of degeneration {unknown}


   Skills:
 - Level 3.0 Fighting
 + Level 5.8 Polearms
 - Level 2.4 Armour
 - Level 2.4 Shields


You had 4 spell levels left.
You didn't know any spells.
Your spell library was empty.

Dungeon Overview and Level Annotations

Branches:
Dungeon (7/15)
 Temple: D:4-7

Altars:
Wu Jian

Shops:
D:1 [?!


Innate Abilities, Weirdness & Mutations

Your serpentine skin is tough. (AC +1)
You have supernaturally acute eyesight. (SInv)
Armour fits poorly on your strangely shaped body.
Your system is resistant to poisons. (rPois)
You cover ground very slowly.
You can spit poison.
You have a snake-like lower body.


Message History

The hound completely misses you. The hound bites you.
* * * LOW HITPOINT WARNING * * *
You puncture the hound!
You kill the hound!
You start resting.
An iguana comes into view.
There is a stone staircase leading up, spattered with blood here.
You puncture the iguana!
The iguana is severely wounded.
The iguana closely misses you.
You closely miss the iguana.
The iguana is severely wounded.
The iguana bites you but does no damage.
You puncture the iguana!
You kill the iguana!
You start resting.
An orc comes into view. It is wielding a +0 mace.
The orc shouts!
A scorpion comes into view.
Unknown command.
Unknown command.
Reach: a) +0 trident
Press: ? - help, Dir - move target, f - orc
Aim: an orc, wielding a +0 mace (about 41% to evade your +0 trident)
You reach to attack!
You closely miss the orc. The orc hits you but does no damage.
You puncture the orc!
You kill the orc!
A white imp comes into view.
Aiming: Spit Poison (1% risk of failure)
Press: ? - help, Shift-Dir - straight line, f - scorpion
Aim: a scorpion (59% to hit)
The splash of poison hits the scorpion!
The scorpion is poisoned.
The scorpion is moderately wounded.
The white imp shouts, "Go and return not, thou goatish motley-minded swadder!"
You hear a shout! x2
You hear an angry buzzing noise.
The white imp gestures at you. The puff of frost hits you!
You die...

#.. # #.# #.#.#
#.#.# ..###.#.##
...5.....#####
......s.>@...###
##.##........#
#.####.#.# #.#
#.# # #.. ..#
#.......
##.##### .# .#


You could see a scorpion (poisoned) and a white imp.

Vanquished Creatures
  A water moccasin skeleton (D:6)
  2 hounds (D:7)
  An iguana (D:7)
  2 adders
  A worm (D:2)
  An orc (D:7)
  3 endoplasms (D:1)
  3 giant cockroaches
  A goblin (D:1)
  6 hobgoblins
  2 jackals (D:2)
  A quokka (D:3)
  4 ball pythons
  7 bats
  4 frilled lizards
  3 kobolds (D:2)
  4 rats
46 creatures vanquished.

Notes
Turn   | Place    | Note
-------+----------+-------------------------------------------
     0 | D:1      | MisterFreud the Naga Fighter began the quest for the Orb.
     0 | D:1      | Reached XP level 1. HP: 21/21 MP: 1/1
    44 | D:1      | Found Aguhee's Magic Scroll Shoppe.
   252 | D:1      | Found Ynkamu's Distillery.
   274 | D:1      | Reached XP level 2. HP: 28/28 MP: 2/2
   355 | D:1      | Reached skill level 3 in Polearms
   461 | D:1      | Found Cebb's Antique Armour Boutique.
   746 | D:2      | Reached XP level 3. HP: 34/34 MP: 3/3
  1132 | D:2      | Reached skill level 4 in Polearms
  1369 | D:3      | Found an ornate altar of the Wu Jian Council.
  1430 | D:3      | Reached XP level 4. HP: 42/42 MP: 4/4
  1444 | D:3      | You fall into a shaft and drop 3 floors!
  1485 | D:7      | Reached skill level 5 in Polearms
  1485 | D:7      | Reached XP level 5. HP: 9/49 MP: 5/5
  1487 | D:7      | Identified the +2 hunting sling of Wisatil {speed, +Blink}
  1521 | D:7      | Killed from afar by a white imp

Illustrated notes

Levels and vault maps discovered:
D:1:      scummos_arrival_hexagon, layout_rooms, serial_shops, shop,
          nicolae_shop_overgrown_old_shop, shop, corexii_hall_statues_x
D:2:      layout_rooms
D:3:      layout_basic, lemuel_crystal_altar, uniq_jessica
D:6:      cheibrodos_steamvent, layout_cave_pools, corexii_hall_statues_deadend
D:7:      layout_loops_ring, mainiacjoe_overflow_boulevard,
          minmay_temple_entry_proselytizer, enter_bailey_5,
          nicolae_shop_overcharged_wands

Skill      XL: |  1  2  3  4 |
---------------+-------------+-----
Polearms       | 3 4 5 |  5.8
Fighting       | |  3.0
Armour         | |  2.4
Shields        | |  2.4

Action                   |  1- 3 |  4- 6 || total
-------------------------+-------+-------++-------
Melee: Trident           |   101 |    26 ||   127
 Abil: Spit Poison       |    15 |     2 ||    17
  Use: Potion            |       |     2 ||     2
Armor: Scale mail        |    57 |    14 ||    71
Dodge: Dodged            |    44 |    15 ||    59
Block: Buckler           |    20 |     8 ||    28
